[Event "Titled Tuesday Blitz April 4 Early 2023"]
[White "Hnydiuk, Aleksander"]
[Black "Krzywda, Andrzej"]
[WhiteFideId "1109057"]
[BlackFideId "1114565"]
[WhiteElo "2374"]
[BlackElo "2155"]
[Result "1-0"]
[Round "03"]
[TimeControl "180+2"]
[Date "2023.04.04"]
[WhiteClock "0:01:24"]
[BlackClock "0:00:06"]

1. Nf3 Nf6 2. c4 e6 3. g3 d5 4. Bg2 dxc4 5. Qa4+ Nbd7 6. Qxc4 a6 7. Qc2 c5 8. Nc3 Qc7 9. d4 cxd4 10. Nxd4 Bc5 11. Nb3 Bd6 12. O-O O-O 13. Rd1 Nc5 14. Bg5 Bd7 15. Bxf6 gxf6 16. Rxd6 Nxb3 17. Rad1 Na1 18. Qd2 Bc6 19. Bxc6 bxc6 20. Ne4 Kg7 21. Qf4 Nc2 22. Qxf6+ Kg8 23. Qc3 f5 24. Rd7 fxe4 25. Qg7# 1-0


[Site "https://www.chess.com"]

[Event "Titled Tuesday Blitz April 4 Early 2023"]
[White "Avazkhonov, Alikhon"]
[Black "Dobre, Claudiu-Cristian"]
[WhiteFideId "14208504"]
[BlackFideId "1211854"]
[WhiteElo "1739"]
[BlackElo "2207"]
[Result "1/2-1/2"]
[Round "03"]
[TimeControl "180+2"]
[Date "2023.04.04"]
[WhiteClock "0:00:05"]
[BlackClock "0:00:09"]

1. d4 f5 2. g3 g6 3. Bg2 Bg7 4. Nf3 Nf6 5. O-O O-O 6. c4 d6 7. Nc3 Qe8 8. d5 a5 9. Rb1 Na6 10. b3 Nc5 11. Bb2 Bd7 12. Nd4 c6 13. Re1 e5 14. dxe6 Bxe6 15. e4 f4 16. e5 dxe5 17. Rxe5 Nfd7 18. Nxe6 Nxe6 19. Re1 Qf7 20. Ne4 f3 21. Nd6 Qe7 22. Bh3 Ndc5 23. Nxb7 Qxb7 24. Bxe6+ Nxe6 25. Rxe6 Rad8 26. Qe1 Bxb2 27. Rxb2 Qg7 28. Rd2 Qc3 29. Rxd8 Qxe1+ 30. Rxe1 Rxd8 31. h4 Rd2 32. Re3 Rxa2 33. Rxf3 Ra3 34. Kg2 Kg7 35. g4 h6 36. Kg3 c5 37. g5 hxg5 38. hxg5 a4 39. bxa4 Rxa4 40. Rf4 Ra3+ 41. Rf3 Ra4 42. Rf4 Ra1 43. Kf3 Rg1 44. Rg4 Rc1 45. Re4 Rc3+ 46. Kf4 Kf7 47. Ke5 Rd3 48. Rf4+ Kg7 49. Ke6 Rd4 50. Rf7+ Kg8 51. Rc7 Rxc4 52. Kf6 Rf4+ 53. Kxg6 Rxf2 54. Rc8+ Rf8 55. Rxc5 Ra8 56. Rc6 Rd8 57. Kh6 Ra8 58. g6 Rb8 59. Rc7 Ra8 60. Rg7+ Kh8 61. Rh7+ Kg8 62. Rd7 Rb8 63. Rc7 Ra8 64. Rg7+ Kh8 65. Rf7 Kg8 66. Re7 Kh8 67. Rh7+ Kg8 68. Rf7 Kh8 69. Rf6 Kg8 70. g7 Rb8 71. Kg6 Ra8 72. Re6 Rb8 73. Rf6 Ra8 74. Rf7 Ra6+ 75. Rf6 Ra8 1/2-1/2


[Site "https://www.chess.com"]

[Event "Titled Tuesday Blitz April 4 Early 2023"]
[White "Ruperez Benito, Antonio"]
[Black "Ehlvest, Jaan"]
[WhiteFideId "22245049"]
[BlackFideId "4500016"]
[WhiteElo "2273"]
[BlackElo "2442"]
[Result "0-1"]
[Round "03"]
[TimeControl "180+2"]
[Date "2023.04.04"]
[WhiteClock "0:00:15"]
[BlackClock "0:00:28"]

1. e4 c5 2. Nf3 Nc6 3. Bb5 e6 4. O-O Nge7 5. Re1 Ng6 6. c3 a6 7. Bf1 d5 8. exd5 Qxd5 9. d4 cxd4 10. cxd4 Bb4 11. Nc3 Bxc3 12. bxc3 O-O 13. c4 Qa5 14. Bd2 Qd8 15. Bc3 Nce7 16. Rb1 b5 17. cxb5 axb5 18. Bxb5 Nd5 19. Qb3 Rxa2 20. Bb4 Nxb4 21. Qxb4 Bb7 22. Bc4 Bxf3 23. Bxa2 Nf4 24. g3 Nd3 25. Qc3 Nxe1 26. Rxe1 Qa8 27. Bb1 Rd8 28. Qd3 g6 29. h4 Bh1 30. Kf1 Qg2+ 31. Ke2 Qh3 32. Qe3 Bb7 33. Rc1 Qg4+ 34. Kf1 Rxd4 35. Bd3 Rd8 36. Rc7 Qd1+ 37. Qe1 Bg2+ 0-1


[Site "https://www.chess.com"]

[Event "Titled Tuesday Blitz April 4 Early 2023"]
[White "Pajeken, Jakob Leon"]
[Black "Klepikov, Nikita"]
[WhiteFideId "12942839"]
[BlackFideId "24145220"]
[WhiteElo "2414"]
[BlackElo "2025"]
[Result "0-1"]
[Round "03"]
[TimeControl "180+2"]
[Date "2023.04.04"]
[WhiteClock "0:01:52"]
[BlackClock "0:01:01"]

1. Nf3 Nf6 2. c4 d6 3. b3 e5 4. Bb2 g6 5. g3 Bg7 6. Bg2 O-O 7. O-O a5 8. Nc3 Re8 9. d4 e4 10. Ng5 Bf5 11. g4 Nxg4 12. Ngxe4 Qh4 13. h3 Bxe4 14. Nxe4 Rxe4 15. hxg4 Rxg4 16. e4 Qh3 0-1


[Site "https://www.chess.com"]

[Event "Titled Tuesday Blitz April 4 Early 2023"]
[White "Manon-og, Ramon Jr."]
[Black "Berezin, Viktor"]
[WhiteFideId "5200776"]
[BlackFideId "14107872"]
[WhiteElo "2375"]
[BlackElo "2310"]
[Result "1/2-1/2"]
[Round "03"]
[TimeControl "180+2"]
[Date "2023.04.04"]
[WhiteClock "0:00:12"]
[BlackClock "0:00:18"]

1. e4 g6 2. d4 Bg7 3. Nc3 d6 4. Be3 Nf6 5. Qd2 O-O 6. Nf3 c6 7. Be2 b5 8. a3 Nbd7 9. O-O a5 10. e5 dxe5 11. dxe5 Ng4 12. e6 fxe6 13. Bg5 Ngf6 14. Bh6 Nb6 15. Qg5 Qc7 16. Bxg7 Kxg7 17. Qc5 Qb7 18. Ne5 Nbd5 19. Nxc6 Nxc3 20. Qxc3 Bd7 21. Ne5 Rfc8 22. Qd2 Bc6 23. Nxc6 Qxc6 24. Bf3 Nd5 25. c3 Qc4 26. Rfe1 Ra6 27. Re5 Nf6 28. Rae1 Rd6 29. Qe3 b4 30. cxb4 axb4 31. axb4 Kf7 32. b5 Rb8 33. b3 Qb4 34. Rxe6 Rxe6 35. Qxe6+ Kf8 36. Bc6 Rd8 37. h3 Qc5 38. Qe3 Qb4 39. Qh6+ Kf7 40. Re3 Rd1+ 41. Kh2 Qd6+ 42. g3 Rd2 43. Rf3 Qc5 44. Qxh7+ Ke6 45. Qxg6 Rxf2+ 46. Rxf2 Qxf2+ 47. Bg2 Qb2 48. Qd3 Kf7 49. Qc4+ e6 50. b6 Nh5 51. b7 Qe5 52. Qc8 Qxg3+ 53. Kh1 Qe1+ 54. Kh2 Qg3+ 55. Kg1 Qe1+ 56. Kh2 Qg3+ 1/2-1/2


[Site "https://www.chess.com"]

[Event "Titled Tuesday Blitz April 4 Early 2023"]
[White "Rian, Kapriaga"]
[Black "Jain Kashish Manoj"]
[WhiteFideId "7103263"]
[BlackFideId "35081098"]
[WhiteElo "2364"]
[BlackElo "2191"]
[Result "0-1"]
[Round "03"]
[TimeControl "180+2"]
[Date "2023.04.04"]
[WhiteClock "0:00:04"]
[BlackClock "0:00:03"]

1. d4 f5 2. Nc3 g6 3. e4 d6 4. Nf3 Bg7 5. h4 Nh6 6. Bd3 Nc6 7. h5 Nf7 8. d5 Nce5 9. hxg6 Nxd3+ 10. Qxd3 hxg6 11. Rxh8+ Bxh8 12. Bg5 fxe4 13. Nxe4 Bf5 14. O-O-O Qd7 15. Rh1 O-O-O 16. Rh7 Qa4 17. Rxf7 Bxe4 18. Qb3 Qa6 19. c4 Qa5 20. Bd2 Qc5 21. Be3 Qa5 22. Nd2 Bf5 23. Rxe7 Bf6 24. Rf7 Rh8 25. Kd1 Rh1+ 26. Ke2 Bd8 27. Rf8 Qa6 28. Qc3 c5 29. Qf6 Bg4+ 30. f3 Qa5 0-1


[Site "https://www.chess.com"]

[Event "Titled Tuesday Blitz April 4 Early 2023"]
[White "Janaszak, Dawid"]
[Black "Girsh, Daniel"]
[WhiteFideId "1119206"]
[BlackFideId "30949190"]
[WhiteElo "2220"]
[BlackElo "2075"]
[Result "1-0"]
[Round "03"]
[TimeControl "180+2"]
[Date "2023.04.04"]
[WhiteClock "0:00:14"]
[BlackClock "0:00:02"]

1. e4 c5 2. Nc3 Nc6 3. Bb5 g6 4. Bxc6 dxc6 5. d3 Bg7 6. Be3 Bd4 7. Qd2 Nf6 8. Nge2 Bxe3 9. Qxe3 b6 10. O-O-O O-O 11. h4 Ng4 12. Qf4 Qd6 13. Qxd6 exd6 14. Rdf1 b5 15. h5 b4 16. Nd1 Kg7 17. f3 Ne5 18. b3 a5 19. Ne3 a4 20. Kb2 axb3 21. axb3 Be6 22. Nf4 g5 23. Ne2 Ra3 24. Ra1 Rfa8 25. Rxa3 Rxa3 26. d4 cxd4 27. Nxd4 Kf6 28. Rd1 Ra6 29. Rf1 c5 30. Ndf5 d5 31. Ng3 d4 32. Ng4+ Nxg4 33. fxg4+ Ke5 34. Nf5 Kxe4 35. Nh6 Ra7 36. Ng8 c4 37. Nf6+ Ke5 38. Nxh7 c3+ 39. Kb1 d3 40. Nxg5 Bxg4 41. cxd3 f5 42. h6 Kf6 43. h7 Ra8 44. Rh1 Rh8 45. Nf3 Kg7 46. Nd4 f4 47. Nc6 Be6 48. Nxb4 Bxb3 49. Rc1 Rb8 50. Nc6 Rb6 51. Ne5 Bd5+ 52. Ka1 Ra6+ 53. Kb1 Rb6+ 54. Kc2 Re6 55. d4 Bxg2 56. Rg1 f3 57. Nxf3 Re2+ 58. Kxc3 Kxh7 59. Ne5 Be4 60. Kb4 Rc2 61. Nc4 Bd3 62. Ne3 Re2 63. Rg3 Be4 64. Kc4 Re1 65. Kc3 Rc1+ 66. Kd2 Rc8 67. Rg4 Bf3 68. Rf4 Bc6 69. d5 Bxd5 70. Nxd5 Rd8 71. Rd4 Kg6 72. Kd3 Kf7 73. Kc4 Ke6 74. Re4+ Kd6 75. Rh4 Rc8+ 76. Kd4 Ra8 77. Rh6+ Kd7 78. Ke5 Ra1 79. Rh7+ Ke8 80. Kd6 Ra6+ 81. Ke5 Ra1 82. Rb7 Re1+ 83. Kd6 Kf8 84. Nf4 Rd1+ 85. Ke5 Re1+ 86. Kf6 Ke8 87. Ne6 Rf1+ 88. Ke5 Re1+ 89. Kd5 Rd1+ 90. Nd4 Kf8 91. Ke5 Re1+ 92. Kf6 Rf1+ 93. Nf5 Ke8 94. Rh7 Kd8 95. Ke6 Re1+ 96. Kd5 Rd1+ 97. Nd4 Ke8 98. Ke6 Re1+ 99. Kd6 Rd1 100. Rh4 Kf8 101. Ke6 Kg8 102. Kf6 Rf1+ 103. Nf5 Rg1 104. Ra4 Rf1 105. Ra8+ Kh7 106. Ra7+ Kg8 107. Ra3 Kh7 108. Rg3 Rf2 109. Rg5 Rf1 110. Rh5+ Kg8 111. Ke6 Re1+ 112. Kf6 Rf1 113. Rg5+ Kh7 114. Rg7+ Kh8 115. Rg2 Kh7 116. Rg5 Kh8 117. Kf7 1-0


[Site "https://www.chess.com"]

[Event "Titled Tuesday Blitz April 4 Early 2023"]
[White "Fiorito, Joaquin"]
[Black "Koridze, Lile"]
[WhiteFideId "180173"]
[BlackFideId "13612514"]
[WhiteElo "2157"]
[BlackElo "2047"]
[Result "1-0"]
[Round "03"]
[TimeControl "180+2"]
[Date "2023.04.04"]
[WhiteClock "0:00:19"]
[BlackClock "0:00:07"]

1. d4 Nf6 2. c4 e6 3. Nc3 Bb4 4. f3 c5 5. d5 O-O 6. e4 d6 7. Ne2 a6 8. Ng3 exd5 9. exd5 Re8+ 10. Kf2 Bxc3 11. bxc3 Nbd7 12. h3 h5 13. Bg5 Qa5 14. Qd2 b5 15. Bd3 Qa4 16. Rhe1 Bb7 17. Nf5 bxc4 18. Bc2 Qa5 19. Rxe8+ Nxe8 20. Re1 Ne5 21. Nxd6 Nxd6 22. Rxe5 Nb5 23. Re7 Rb8 24. Bf6 gxf6 25. Qh6 Nd6 26. Qh7+ Kf8 27. Re2 f5 28. Qh8# 1-0


[Site "https://www.chess.com"]

[Event "Titled Tuesday Blitz April 4 Early 2023"]
[White "Castellanos Villela, Alejandro"]
[Black "Mirzanurov, Bulat"]
[WhiteFideId "3446379"]
[BlackFideId "4184521"]
[WhiteElo "2103"]
[BlackElo "2019"]
[Result "1-0"]
[Round "03"]
[TimeControl "180+2"]
[Date "2023.04.04"]
[WhiteClock "0:00:06"]
[BlackClock "0:00:01"]

1. d4 d5 2. Nf3 Nf6 3. e3 c5 4. c3 e6 5. Bd3 Nc6 6. O-O Bd6 7. dxc5 Bxc5 8. Nbd2 O-O 9. Qc2 e5 10. e4 d4 11. cxd4 Bxd4 12. Nxd4 Nxd4 13. Qd1 Ng4 14. Nf3 Nxf3+ 15. Qxf3 Be6 16. h3 Nf6 17. Bg5 Qe7 18. Rfd1 Rfd8 19. Bf1 h6 20. Bh4 Rac8 21. b3 Bd7 22. Bc4 Bc6 23. Bxf6 Qxf6 24. Qxf6 gxf6 25. f3 b5 26. Be2 a6 27. Kf2 Kf8 28. Ke3 Ke7 29. Rac1 Rxd1 30. Rxd1 Bb7 31. Rd2 Rc3+ 32. Rd3 Rc2 33. Rd2 Rxd2 34. Kxd2 Ke6 35. Kc3 f5 36. Bd3 f4 37. Kb4 Kf6 38. Ka5 Kg5 39. Kb6 Bc8 40. a4 bxa4 41. bxa4 Kh4 42. Bxa6 Bd7 43. Bb5 Bc8 44. a5 Kg3 45. Bd7 Bxd7 46. a6 Kxg2 47. a7 Kxf3 48. a8=Q Bxh3 49. Qa3+ Kg4 50. Qf8 f3 51. Qg7+ Kf4 52. Qxh6+ Kg3 53. Qg7+ Kf2 54. Qxe5 Kf1 55. Qh5 Bg2 56. e5 f2 57. Qd1# 1-0


[Site "https://www.chess.com"]

[Event "Titled Tuesday Blitz April 4 Early 2023"]
[White "Grunberg, Mihai-Lucian"]
[Black "crosky"]
[WhiteFideId "1204149"]
[WhiteElo "2363"]
[BlackElo "2356"]
[Result "1-0"]
[Round "03"]
[TimeControl "180+2"]
[Date "2023.04.04"]
[WhiteClock "0:02:33"]
[BlackClock "0:01:20"]

1. Nf3 Nf6 2. c4 e6 3. g3 d5 4. Bg2 Be7 5. O-O O-O 6. d4 b6 7. cxd5 exd5 8. Ne5 c5 9. dxc5 bxc5 10. Nc3 Bb7 11. Qb3 Nbd7 12. Bf4 Rb8 13. Nxd7 Qxd7 14. Bxb8 Rxb8 1-0


[Site "https://www.chess.com"]

[Event "Titled Tuesday Blitz April 4 Early 2023"]
[White "Leebit02"]
[Black "Drori, Saar"]
[BlackFideId "2812444"]
[WhiteElo "2355"]
[BlackElo "2322"]
[Result "0-1"]
[Round "03"]
[TimeControl "180+2"]
[Date "2023.04.04"]
[WhiteClock "0:00:08"]
[BlackClock "0:00:06"]

1. Nf3 c5 2. b3 d6 3. Bb2 e5 4. e3 e4 5. Ng1 Nc6 6. d3 exd3 7. cxd3 Nf6 8. Nf3 d5 9. Be2 Bd6 10. O-O O-O 11. d4 cxd4 12. Nxd4 a6 13. Nd2 Bd7 14. N2f3 Re8 15. a3 Qb6 16. b4 Ne5 17. Nxe5 Bxe5 18. Rc1 Ne4 19. Bd3 Qh6 20. g3 Qh3 21. Qe2 Bxd4 22. Bxd4 Bc6 23. f3 Nd6 24. Qg2 Qe6 25. Rfe1 Bb5 26. Bb1 Nc4 27. Qc2 g6 28. Qc3 Rac8 29. e4 Nd6 30. exd5 Qxd5 31. Rxe8+ Bxe8 32. Bc5 b6 33. Be4 Nxe4 34. fxe4 Qe6 35. Qd4 bxc5 36. Rxc5 Rxc5 37. bxc5 Bc6 38. e5 Qd5 39. Qc3 Qg2# 0-1


[Site "https://www.chess.com"]

[Event "Titled Tuesday Blitz April 4 Early 2023"]
[White "The_Sherman_Variation"]
[Black "Gallegos Diaz, Carlos Alberto"]
[BlackFideId "3900886"]
[WhiteElo "2550"]
[BlackElo "2362"]
[Result "1-0"]
[Round "03"]
[TimeControl "180+2"]
[Date "2023.04.04"]
[WhiteClock "0:00:38"]
[BlackClock "0:00:11"]

1. b3 d6 2. Bb2 e5 3. e3 Nf6 4. c4 Be7 5. Nc3 O-O 6. Qc2 c6 7. Be2 d5 8. cxd5 cxd5 9. d4 exd4 10. exd4 Nc6 11. Nf3 Bg4 12. Rd1 Rc8 13. O-O Bb4 14. Qd3 Qa5 15. a4 Rfe8 16. h3 Bh5 17. Rc1 Bg6 18. Qb5 a6 19. Qxa5 Nxa5 20. Bd1 Bd3 21. Ne5 Bxf1 22. Kxf1 Nc6 23. Nd3 Bxc3 24. Rxc3 Ne4 25. Rc2 f6 26. Bg4 Rcd8 27. Nc5 Nxc5 28. Rxc5 Kf7 29. f4 g6 30. Bf3 Ke6 31. Rc1 a5 32. Kf2 Kd6 33. Ba3+ Nb4 34. Bxb4+ axb4 35. Rc5 Ke6 36. Rb5 Re7 37. Rb6+ Rd6 38. Rxb4 Rc7 39. Rb5 f5 40. a5 h5 41. Rc5 Rxc5 42. dxc5 Rc6 43. b4 Rc8 44. Bd1 Rc7 45. Ke3 Kd7 46. Kd4 Ke6 47. Bb3 Rd7 48. b5 h4 49. b6 Rd8 50. Ba4 Ra8 51. c6 bxc6 52. Bxc6 Rxa5 53. b7 1-0


[Site "https://www.chess.com"]

[Event "Titled Tuesday Blitz April 4 Early 2023"]
[White "Pham, Le Thao Nguyen"]
[Black "Todorovic, Bojan"]
[WhiteFideId "12401226"]
[BlackFideId "917087"]
[WhiteElo "2286"]
[BlackElo "2266"]
[Result "1-0"]
[Round "03"]
[TimeControl "180+2"]
[Date "2023.04.04"]
[WhiteClock "0:00:37"]
[BlackClock "0:00:32"]

1. d4 Nf6 2. Nf3 g6 3. g3 Bg7 4. Bg2 O-O 5. O-O d6 6. b3 c5 7. Bb2 Ne4 8. Nbd2 Nxd2 9. Qxd2 Nc6 10. c4 Qa5 11. Qxa5 Nxa5 12. Rad1 Nc6 13. Rd2 Bg4 14. dxc5 Bxb2 15. Rxb2 dxc5 16. Rd2 Rfd8 17. Rfd1 Rxd2 18. Rxd2 Rd8 19. Rxd8+ Nxd8 20. e3 Bf5 21. Nd2 Bc2 22. Kf1 a5 23. Be4 Bxe4 24. Nxe4 b6 25. Nc3 Nc6 26. Nd5 Nb4 27. Nxb6 Nxa2 28. Na4 Nb4 29. Nxc5 Kg7 30. Ke2 Kf6 31. Kd2 Kf5 32. f3 g5 33. h3 Ke5 34. Nd3+ Kd6 35. Nxb4 axb4 36. Kd3 f5 37. g4 e6 38. Kd4 e5+ 39. Kd3 1-0


[Site "https://www.chess.com"]

[Event "Titled Tuesday Blitz April 4 Early 2023"]
[White "Tomaszewski, Kacper"]
[Black "Matveeva, Olga"]
[WhiteFideId "1127373"]
[BlackFideId "24107018"]
[WhiteElo "2211"]
[BlackElo "2056"]
[Result "0-1"]
[Round "03"]
[TimeControl "180+2"]
[Date "2023.04.04"]
[WhiteClock "0:00:44"]
[BlackClock "0:01:19"]

1. e4 e6 2. Nf3 d5 3. e5 c5 4. c3 d4 5. b4 Nc6 6. b5 Nce7 7. cxd4 cxd4 8. Bb2 Nf5 9. Bd3 Bc5 10. Qa4 Nge7 11. O-O O-O 12. Na3 Nd5 13. Bxf5 exf5 14. Bxd4 Nb6 15. Qc2 Bxd4 16. Nxd4 Qxd4 17. Rac1 Be6 18. Qc3 Qxc3 19. dxc3 Rac8 20. Rc2 Rc5 21. f4 Rfc8 22. Rfc1 Nd5 23. g3 Rxc3 24. Rxc3 Rxc3 25. Rxc3 Nxc3 26. b6 axb6 27. Kf2 Nxa2 28. Ke3 Nb4 29. Kd4 Nc6+ 30. Kc3 Kf8 31. Nb5 Ke7 32. Nd6 f6 33. Nxb7 fxe5 34. fxe5 Nxe5 35. Kb4 Bd5 0-1


[Site "https://www.chess.com"]

[Event "Titled Tuesday Blitz April 4 Early 2023"]
[White "Fuzesabonyilaci"]
[Black "TimGrutter03"]
[WhiteElo "2342"]
[BlackElo "2542"]
[Result "0-1"]
[Round "03"]
[TimeControl "180+2"]
[Date "2023.04.04"]
[WhiteClock "0:01:51"]
[BlackClock "0:01:40"]

1. d4 Nf6 2. Nc3 d5 3. Bf4 a6 4. f3 c5 5. dxc5 Nc6 6. e4 d4 7. Nce2 e5 8. Bd2 Bxc5 9. Nc1 Nxe4 10. fxe4 Qh4+ 11. g3 Qxe4+ 12. Qe2 Qxh1 13. Nf3 Bg4 14. Qc4 Qxf3 15. Nd3 Be7 16. h3 Qe4+ 17. Kf2 Qf3+ 18. Ke1 Qxg3+ 19. Nf2 Bh4 0-1


[Site "https://www.chess.com"]

[Event "Titled Tuesday Blitz April 4 Early 2023"]
[White "I_KID_you_not"]
[Black "Filgueira, Hernan"]
[BlackFideId "101770"]
[WhiteElo "2340"]
[BlackElo "2363"]
[Result "0-1"]
[Round "03"]
[TimeControl "180+2"]
[Date "2023.04.04"]
[WhiteClock "0:00:09"]
[BlackClock "0:01:08"]

1. e4 d6 2. d4 Nf6 3. Nc3 g6 4. Bf4 Nc6 5. d5 e5 6. Be3 Ne7 7. f3 Bg7 8. Bc4 c6 9. a4 O-O 10. Nge2 cxd5 11. Nxd5 Nexd5 12. Bxd5 Nxd5 13. Qxd5 Qc7 14. Nc3 Be6 15. Qd2 a6 16. O-O b6 17. Rfd1 Rfd8 18. Qf2 Rab8 19. Rd2 b5 20. axb5 axb5 21. Ra7 Qc6 22. h3 Ra8 23. Nd5 Bxd5 24. Rxd5 Rxa7 25. Bxa7 Ra8 26. Qb6 Qxc2 27. Qxb5 Bh6 28. Qb7 Rc8 0-1


[Site "https://www.chess.com"]

[Event "Titled Tuesday Blitz April 4 Early 2023"]
[White "Omelja, Artem"]
[Black "Ovezdurdyyeva, Jemal"]
[WhiteFideId "14119846"]
[BlackFideId "14001888"]
[WhiteElo "2404"]
[BlackElo "2043"]
[Result "1-0"]
[Round "03"]
[TimeControl "180+2"]
[Date "2023.04.04"]
[WhiteClock "0:01:07"]
[BlackClock "0:00:13"]

1. e4 d6 2. d4 Nf6 3. Nc3 g6 4. f3 c6 5. Be3 b5 6. Qd2 h5 7. O-O-O Bg7 8. Kb1 b4 9. Nce2 Qa5 10. Nc1 Be6 11. Nge2 Bc4 12. Nf4 Bxf1 13. Rdxf1 Nbd7 14. h4 Nb6 15. Nb3 Qb5 16. Qd3 Nc4 17. Bc1 a5 18. Nd2 Nxd2+ 19. Bxd2 Qb6 20. e5 dxe5 21. dxe5 Rd8 22. exf6 Rxd3 23. fxg7 Rg8 24. Nxd3 Rxg7 25. Re1 f6 26. Be3 Qb5 27. Bc5 Kd7 28. Re3 e5 29. Rhe1 Kc7 30. f4 exf4 31. Nxf4 Rd7 32. Ne6+ Kb7 33. Bd4 a4 34. Nc5+ Kc7 35. Nxd7 Kxd7 36. Bxf6 a3 37. Rd3+ Kc7 38. Re7+ Kb6 39. Bd4+ c5 40. Bf2 Qc4 41. bxa3 bxa3 42. Rxa3 Qf1+ 43. Be1 Qxg2 44. Rb3+ Kc6 45. Rbb7 c4 46. Bc3 Qh1+ 47. Kb2 Qxh4 48. a4 Kd6 49. a5 Qg4 50. a6 h4 51. a7 Qc8 52. Rb8 1-0


[Site "https://www.chess.com"]

[Event "Titled Tuesday Blitz April 4 Early 2023"]
[White "Kraus, Tomas"]
[Black "Sharapov, Evgeny"]
[WhiteFideId "331708"]
[BlackFideId "14103133"]
[WhiteElo "2389"]
[BlackElo "2367"]
[Result "0-1"]
[Round "03"]
[TimeControl "180+2"]
[Date "2023.04.04"]
[WhiteClock "0:00:17"]
[BlackClock "0:01:38"]

1. e4 c5 2. Nc3 Nc6 3. f4 g6 4. Nf3 Bg7 5. g3 e6 6. Bg2 Nge7 7. O-O d6 8. d3 O-O 9. Be3 Nd4 10. e5 dxe5 11. Nxe5 Nef5 12. Bf2 h5 13. Ne4 Qe7 14. c3 Nc6 15. Bxc5 Qd8 16. Nxc6 bxc6 17. Bxf8 Bxf8 18. Qd2 Ba6 19. Rfd1 Rb8 20. d4 Bc4 21. b3 Bd5 22. Rac1 Qb6 23. Nf6+ Kg7 24. Nd7 Qc7 25. Nxb8 Qxb8 26. Bxd5 cxd5 27. b4 Nd6 28. a4 Nc4 29. Qe2 Bd6 30. Rb1 Qd8 31. b5 Qa5 32. Qc2 Na3 33. Qb3 Nc4 34. Rbc1 Qc7 35. Rc2 Ne3 36. Rcd2 g5 37. Rd3 Nxd1 38. Qxd1 gxf4 39. Qxh5 fxg3 40. hxg3 Qc4 41. Rf3 f5 42. Qg5+ Kf7 43. Kg2 Qxa4 44. g4 Qc2+ 45. Rf2 Qe4+ 46. Kh3 Qh1+ 0-1


[Site "https://www.chess.com"]

[Event "Titled Tuesday Blitz April 4 Early 2023"]
[White "Thecourseoisildur"]
[Black "Budrewicz, Krzysztof"]
[BlackFideId "1127950"]
[WhiteElo "2516"]
[BlackElo "2230"]
[Result "0-1"]
[Round "03"]
[TimeControl "180+2"]
[Date "2023.04.04"]
[WhiteClock "0:00:02"]
[BlackClock "0:00:14"]

1. e4 e5 2. Nf3 Nc6 3. d4 exd4 4. Nxd4 Bc5 5. Nb3 Bb6 6. Nc3 d6 7. Qe2 Nge7 8. Be3 O-O 9. Bxb6 axb6 10. O-O-O Be6 11. Kb1 Nb4 12. f4 Qb8 13. a3 Bxb3 14. cxb3 Nbc6 15. g4 Qa7 16. h4 Rfe8 17. g5 Qa5 18. h5 Rad8 19. b4 Qa8 20. g6 fxg6 21. hxg6 h6 22. Qc4+ Kh8 23. Qf7 Ng8 24. Bc4 Re7 25. Qf5 Rf8 26. Qg4 Qc8 27. Qg5 Qe8 28. Bf7 Rexf7 29. gxf7 Qxf7 30. Nd5 Nd8 31. Rdg1 Ne6 32. Qg4 c6 33. Nxb6 Nxf4 34. Nc4 Rd8 35. Ne3 g6 36. Nf5 gxf5 37. Qxf4 Kh7 38. exf5 Rf8 39. Ka1 Qxf5 40. Qxd6 Qf6 41. Qd3+ Qf5 42. Qc3 Rf7 43. Qc4 Qd5 44. Qg4 Ne7 0-1


[Site "https://www.chess.com"]

[Event "Titled Tuesday Blitz April 4 Early 2023"]
[White "nicolasulaneobelassi"]
[Black "Rodchenkov, Sergey D."]
[BlackFideId "4168712"]
[WhiteElo "2277"]
[BlackElo "2277"]
[Result "1-0"]
[Round "03"]
[TimeControl "180+2"]
[Date "2023.04.04"]
[WhiteClock "0:00:34"]
[BlackClock "0:00:07"]

1. e4 c5 2. Nf3 d6 3. Bb5+ Nd7 4. O-O a6 5. Bd3 Ngf6 6. c3 b5 7. Bc2 e6 8. d4 Be7 9. Re1 Bb7 10. Nbd2 O-O 11. Qe2 Rc8 12. e5 Ne8 13. Ne4 h6 14. Bf4 cxd4 15. exd6 Bf6 16. cxd4 g5 17. Be5 Nxe5 18. dxe5 Bg7 19. h3 Bd5 20. Nc3 Bc4 21. Qe4 f5 22. Qe3 b4 23. Na4 Bd5 24. Bb3 g4 25. hxg4 fxg4 26. Bxd5 exd5 27. Nd4 Rc4 28. Ne6 Qd7 29. Nxf8 Bxf8 30. Nb6 Qb5 31. Nxc4 Qxc4 32. d7 1-0


[Site "https://www.chess.com"]

[Event "Titled Tuesday Blitz April 4 Early 2023"]
[White "Ahn, Hongjin"]
[Black "Orujov2008"]
[WhiteFideId "13201492"]
[WhiteElo "2182"]
[BlackElo "2291"]
[Result "1-0"]
[Round "03"]
[TimeControl "180+2"]
[Date "2023.04.04"]
[WhiteClock "0:02:34"]
[BlackClock "0:01:54"]

1. e4 e5 2. Nf3 Nf6 3. Nxe5 Nxe4 4. Qe2 Qe7 5. Qxe4 d6 6. Nc3 Qxe5 7. d4 Qxe4+ 8. Nxe4 d5 9. Nc3 c6 10. Bd2 Be6 11. O-O-O Nd7 12. Bd3 Be7 13. Rde1 O-O-O 14. f4 g6 15. g4 Bxg4 16. Rxe7 Be6 17. Na4 Rdf8 18. Nc5 Kd8 19. Rxe6 fxe6 20. Nxe6+ Ke7 21. Nxf8 Rxf8 22. Bb4+ 1-0


[Site "https://www.chess.com"]

[Event "Titled Tuesday Blitz April 4 Early 2023"]
[White "Makaj, Marko"]
[Black "Levitan, Caleb Levi"]
[WhiteFideId "14508141"]
[BlackFideId "14332620"]
[WhiteElo "2302"]
[BlackElo "1963"]
[Result "1-0"]
[Round "03"]
[TimeControl "180+2"]
[Date "2023.04.04"]
[WhiteClock "0:01:12"]
[BlackClock "0:00:08"]

1. d4 d5 2. Bf4 c5 3. e3 Nc6 4. c3 Qb6 5. Qb3 c4 6. Qc2 e5 7. dxe5 Bf5 8. Qc1 g5 9. Bg3 h5 10. h3 Nge7 11. Nf3 h4 12. Bh2 g4 13. hxg4 Bxg4 14. Nbd2 Bg7 15. Bf4 Ng6 16. Nd4 Bxe5 17. Bxe5 Ncxe5 18. N2f3 Bxf3 19. gxf3 O-O-O 20. f4 Nc6 21. Qd2 Rhe8 22. O-O-O a5 23. Bh3+ Kb8 24. Bf5 a4 25. a3 Nge7 26. Bc2 Qa5 27. Rxh4 Nxd4 28. Qxd4 Nc6 29. Qf6 Rd7 30. Rh5 Red8 31. Bf5 Rc7 32. Be4 Rcd7 33. Rf5 Qb6 34. Bc2 Qc7 35. Qg5 Ne7 36. Rxf7 Nc6 37. Rxd7 Qxd7 38. Bxa4 Re8 39. Qxd5 Qh7 40. Bxc6 bxc6 41. Qxc6 Rc8 42. Qb5+ Ka8 43. Qd5+ Kb8 44. Rh1 Qf7 45. Qxf7 1-0


[Site "https://www.chess.com"]

[Event "Titled Tuesday Blitz April 4 Early 2023"]
[White "Antonio, Jorge Carlos"]
[Black "Vakhidov, Shahzod"]
[WhiteFideId "113190"]
[BlackFideId "14205270"]
[WhiteElo "2247"]
[BlackElo "2212"]
[Result "0-1"]
[Round "03"]
[TimeControl "180+2"]
[Date "2023.04.04"]
[WhiteClock "0:00:04"]
[BlackClock "0:00:05"]

1. d4 Nf6 2. Nf3 g6 3. c4 Bg7 4. Nc3 d5 5. Bg5 Ne4 6. Bf4 Nxc3 7. bxc3 O-O 8. e3 c5 9. Be2 Nc6 10. O-O Bg4 11. Rb1 Na5 12. cxd5 cxd4 13. Nxd4 Bxe2 14. Qxe2 Qxd5 15. Rb5 Qd8 16. Rd1 a6 17. Ne6 axb5 18. Nxd8 Rfxd8 19. Rxd8+ Rxd8 20. h3 Nc4 21. a4 Rd2 22. Qf3 e5 23. Bg3 bxa4 24. Qxb7 Bf8 25. Qc6 Rd1+ 26. Kh2 Nd2 27. h4 Nf1+ 28. Kh3 Nxg3 29. Kxg3 a3 30. Qa4 Rd2 31. h5 gxh5 32. c4 Bd6 33. Qe8+ Kg7 34. Qa4 a2 35. Kf3 Be7 36. g4 hxg4+ 37. Kxg4 e4 38. Kf5 Bf6 39. Qa5 Rxf2+ 40. Kxe4 a1=Q 41. Qh5 Qb1+ 42. Kd5 Rf5+ 0-1


[Site "https://www.chess.com"]

[Event "Titled Tuesday Blitz April 4 Early 2023"]
[White "Alberto, Manuel"]
[Black "Eynullayev, Atilla"]
[WhiteFideId "10100148"]
[BlackFideId "13413570"]
[WhiteElo "2166"]
[BlackElo "2181"]
[Result "0-1"]
[Round "03"]
[TimeControl "180+2"]
[Date "2023.04.04"]
[WhiteClock "0:01:13"]
[BlackClock "0:01:38"]

1. e4 c5 2. Nf3 d6 3. d4 cxd4 4. Qxd4 Nc6 5. Bb5 a6 6. Bxc6+ bxc6 7. Nc3 e5 8. Qd3 Be7 9. O-O Qc7 10. b3 Nf6 11. Ba3 Bg4 12. Nd2 O-O 13. f3 Be6 14. Nc4 d5 15. Bxe7 Qxe7 16. Nxe5 Qc5+ 17. Kh1 dxe4 18. Nxe4 Qxe5 0-1


[Site "https://www.chess.com"]